 Dungeon Crawl Stone Soup version 0.19.1 (webtiles) character file.

50 danny2772 the Skirmisher (level 3, 0/33 HPs)
             Began as a Draconian Abyssal Knight on Nov 27, 2016.
             Was a Believer of Lugonu.
             Killed by a spatial distortion (3 damage)
             ... on level 1 of the Dungeon.
             The game lasted 00:06:35 (1531 turns).

danny2772 the Skirmisher (Draconian Abyssal Knight) Turns: 1531, Time: 00:06:36

Health: 0/33       AC:  6    Str: 19    XL:     3   Next: 55%
Magic:  4/4        EV: 12    Int: 12    God:    Lugonu [**....]
Gold:   160        SH:  0    Dex: 10    Spells: 0 memorised, 2 levels left

rFire  . . .     SeeInvis .     a - +1 mace
rCold  . . .     Gourm    .     (armour unavailable)
rNeg   . . .     Faith    .     (no shield)
rPois  .         Spirit   .     (helmet restricted)
rElec  .         Reflect  .     (no cloak)
rCorr  .         Harm     .     n - +0 pair of gloves
MR     .....                    (no boots)
Stlth  +.........               (no amulet)
                                (no ring)
                                p - +4 ring of strength

@: no status effects
A: unfitting armour, cold-blooded, AC +5
a: Depart the Abyss, Bend Space, Renounce Religion


You were on level 1 of the Dungeon.
You worshipped Lugonu.
Lugonu was pleased with you.
You were not hungry.

You visited 1 branch of the dungeon, and saw 2 of its levels.
You visited the Abyss 1 time.

You collected 160 gold pieces.

Inventory:

Hand Weapons
 a - a +1 mace (weapon)
 c - a +0 spear
 j - a +0 dagger
 l - a +2 hand axe of chopping
 m - a +0 battleaxe
Missiles
 o - 33 bolts
Armour
 n - a +0 pair of gloves (worn)
Jewellery
 p - a +4 ring of strength (left hand)
Scrolls
 e - a scroll of fog {unknown}
 g - 2 scrolls of remove curse {unknown}
 h - a scroll of enchant weapon {unknown}
 i - a scroll of blinking {unknown}
Potions
 k - 3 potions of magic {unknown}
Comestibles
 b - a bread ration
 d - 3 meat rations
 f - a beef jerky


   Skills:
 + Level 4.1 Fighting
 + Level 2.7 Maces & Flails
 + Level 2.5 Dodging
 + Level 2.1 Invocations


You had 2 spell levels left.
You didn't know any spells.

Dungeon Overview and Level Annotations

Branches:
Dungeon (2/15)

Altars:
Uskayaw


Innate Abilities, Weirdness & Mutations

Your plain brown scales are hard. (AC +5)
You cannot fit into any form of body armour.
You are cold-blooded and may be slowed by cold attacks.


Message History

You sock the gnoll!
The gnoll is heavily wounded.
The gnoll barely misses you.
The gnoll hits you from afar with a spear!
* * * LOW HITPOINT WARNING * * *
The gnoll barely misses you. The gnoll hits you but does no damage.
There is a stone staircase leading up here.
You see here a throwing net.
The gnoll hits you with a club.
* * * LOW HITPOINT WARNING * * *
The gnoll hits you from afar with a spear.
* * * LOW HITPOINT WARNING * * *
You climb upwards.
A frilled lizard comes into view.
There is a stone staircase leading down here.
You aren't in the Abyss!
You aren't in the Abyss!
Space bends around you!
You blink.
You die...

#.#.# #.#.#####'####.#....
#.#.# #.#.#............#..
#.#.# #.#.#........#.....#
#.#.# #.#.#........#......
#.#.# #.#g#...............
#.#.# #.#ยง#..............#
#.#.# #.#.#........#...#..
#.#.#####.#.#........#)#....
#.#.#..>..#@#........#......
#.#.#.#####.#........###.#..
#.#.#.#....)..........##.#..
#.#.#...#+#l#########.##.###
#.#..........# #...........
#.#....#.....# #.###.#.....
#.#....'.....# #.....#.....
#.#....#.....##########.....
#.#....#................####


You could see a gnoll and a frilled lizard (wandering).

Vanquished Creatures
  An adder (D:2)
  2 dart slugs (D:1)
  A leopard gecko (D:1)
  3 bats (D:1)
  4 giant cockroaches (D:1)
  4 goblins
  10 hobgoblins
  A ball python (D:1)
  A frilled lizard (D:2)
  A kobold (D:2)
  3 rats
31 creatures vanquished.

Notes
Turn   | Place    | Note
-------+----------+-------------------------------------------
     0 | Abyss:1  | danny2772 the Draconian Abyssal Knight began the quest for the Orb.
     0 | Abyss:1  | Reached XP level 1. HP: 19/19 MP: 2/2
    39 | Abyss:1  | Found a viscous altar of Jiyva.
    48 | D:1      | Escaped the Abyss
   211 | D:1      | Reached XP level 2. HP: 19/26 MP: 3/3
   742 | D:1      | Reached skill level 4 in Fighting
   815 | D:1      | Reached XP level 3. HP: 30/33 MP: 4/4
  1241 | D:2      | Reached ** piety under Lugonu
  1247 | D:2      | Found a hide-covered altar of Uskayaw.
  1263 | D:2      | Noticed a hand axe
  1263 | D:2      | Noticed a hand axe
  1531 | D:1      | Killed by a spatial distortion

Skill      XL: |  1  2 |
---------------+-------+-----
Fighting       | 4 |  4.1
Maces & Flails | |  2.7
Dodging        | |  2.5
Invocations    | |  2.1

Action                   || total
-------------------------++-------
Melee: Mace              ||    86
       Tailslap          ||     4
  Use: Potion            ||     1
  Eat: Bread ration      ||     1
Armor: Skin              ||    28
Dodge: Dodged            ||    56
